BSA
VISTA PANTHERS @ SEATTLE PIKES
09/04/2029
 
TOP OF THE 1ST
Vista Panthers batting - Pitching for Seattle Pikes : LHP David Hill
Pitching: LHP David Hill
Batting: RHB Cisco Gatán 0-0: Ground out 5-3 (Groundball, 56S)
Batting: RHB Stephen Wilson 0-0: Swinging Strike
0-1: Foul Ball, location: 2F
0-2: Ball
1-2: Ball
2-2: Ball
3-2: Base on Balls
Batting: RHB Carlos García 0-0: Called Strike
0-1: Foul Ball, location: 2F
0-2: Foul Ball, location: 2F
0-2: Ball
1-2: Fly out, F8 (Line Drive, 8RXD)
Batting: RHB Jake Reeves 0-0: Ball
1-0: Foul Ball, location: 2F
1-1: Foul Ball, location: 2F
1-2: Strikes out swinging, 2-3 out at first.
Top of the 1st over - 0 runs, 0 hits, 0 errors, 1 left on base; Vista 0 - Seattle 0
BOTTOM OF THE 1ST
Seattle Pikes batting - Pitching for Vista Panthers : LHP Don Sutherland
Pitching: LHP Don Sutherland
Batting: RHB Pete Rideout 0-0: Called Strike
0-1: Foul Ball, location: 2F
0-2: Ball
1-2: Foul Ball, location: 2F
1-2: Ground out 6-3 (Groundball, 6)
Batting: RHB Randy Sheppard 0-0: Foul Ball, location: 2F
0-1: Swinging Strike
0-2: Ball
1-2: Foul Ball, location: 2F
1-2: SINGLE (Flyball, 8LS)
Batting: RHB Wallace Greene 0-0: Called Strike
0-1: Ball
1-1: Swinging Strike
1-2: Fly out, F2 (Popup, 23F)
Batting: SHB Nate Rhodes 0-0: Ball
1-0: Called Strike
1-1: Foul Ball, location: 2F
1-2: Ball
2-2: Ball
3-2: Reached on error, E5 (Groundball, 56)
Randy Sheppard to second
Batting: RHB Iván Gonzáles 0-0: Ball
1-0: Ball
2-0: Foul Ball, location: 2F
2-1: Foul Ball, location: 2F
2-2: Fly out, F3 (Popup, 3L)
Bottom of the 1st over - 0 runs, 1 hit, 1 error, 2 left on base; Vista 0 - Seattle 0
TOP OF THE 2ND
Vista Panthers batting - Pitching for Seattle Pikes : LHP David Hill
Batting: RHB Phil Matthews 0-0: Called Strike
0-1: Ball
1-1: Fly out, F5 (Line Drive, 56)
Batting: RHB Johnny Williams 0-0: Called Strike
0-1: Foul Ball, location: 2F
0-2: Foul Ball, location: 2F
0-2: Foul Ball, location: 2F
0-2: Foul Ball, location: 2F
0-2: Ball
1-2: Strikes out looking
Batting: SHB Juan Castro 0-0: Called Strike
0-1: Ball
1-1: Ball
2-1: Fly out, F7 (Line Drive, 7)
Top of the 2nd over - 0 runs, 0 hits, 0 errors, 0 left on base; Vista 0 - Seattle 0
BOTTOM OF THE 2ND
Seattle Pikes batting - Pitching for Vista Panthers : LHP Don Sutherland
Batting: LHB Roberto Lozano 0-0: Foul Ball, location: 2F
0-1: Ground out 4-3 (Groundball, 4)
Batting: SHB António Hernández 0-0: Called Strike
0-1: Ball
1-1: Ball
2-1: SINGLE (Groundball, 6MD)
Batting: RHB Robinson Pacheco 0-0: Called Strike
0-1: Foul Ball, location: 2F
0-2: SINGLE (Groundball, 6) (infield hit)
António Hernández to second
Batting: RHB António López 0-0: Ball
1-0: Ball
2-0: Foul Ball, location: 2F
2-1: Foul Ball, location: 2F
2-2: Foul Ball, location: 2F
2-2: Foul Ball, location: 2F
2-2: Fly out, F7 (Flyball, 78D)
Batting: RHB Pete Rideout 0-0: Ball
1-0: Ball
2-0: Ball
3-0: Called Strike
3-1: Base on Balls
António Hernández to third
Robinson Pacheco to second
Batting: RHB Randy Sheppard 0-0: Swinging Strike
0-1: Foul Ball, location: 2F
0-2: Ball
1-2: Fly out, F8 (Flyball, 8RD)
Bottom of the 2nd over - 0 runs, 2 hits, 0 errors, 3 left on base; Vista 0 - Seattle 0
TOP OF THE 3RD
Vista Panthers batting - Pitching for Seattle Pikes : LHP David Hill
Batting: LHB Francisco Marino 0-0: Fly out, F8 (Flyball, 8RS)
Batting: LHB Ramiro Martínez 0-0: Ball
1-0: Called Strike
1-1: Ground out U3 (Groundball, 3S)
Batting: RHB Cisco Gatán 0-0: Ball
1-0: Foul Ball, location: 2F
1-1: Called Strike
1-2: Ball
2-2: Strikes out looking
Top of the 3rd over - 0 runs, 0 hits, 0 errors, 0 left on base; Vista 0 - Seattle 0
BOTTOM OF THE 3RD
Seattle Pikes batting - Pitching for Vista Panthers : LHP Don Sutherland
Batting: RHB Wallace Greene 0-0: Ball
1-0: Foul Ball, location: 2F
1-1: SINGLE (Flyball, 89M)
Batting: SHB Nate Rhodes 0-0: Ball
Throwing error on steal attempt, E2
Wallace Greene to third
1-0: Reached on error, E1 (Groundball, P)
Wallace Greene scores
Batting: RHB Iván Gonzáles 0-0: Ground out 6-3 (Groundball, 6)
Nate Rhodes to third
Batting: LHB Roberto Lozano 0-0: Swinging Strike
0-1: Foul Ball, location: 2F
0-2: Foul Ball, location: 2F
0-2: SINGLE (Groundball, 4MD)
Nate Rhodes scores
Batting: SHB António Hernández 0-0: Ball
1-0: Called Strike
1-1: Foul Ball, location: 2F
1-2: Grounds into double play, 4-6-3 (Groundball, 34)
Bottom of the 3rd over - 2 runs, 2 hits, 2 errors, 0 left on base; Vista 0 - Seattle 2
TOP OF THE 4TH
Vista Panthers batting - Pitching for Seattle Pikes : LHP David Hill
Batting: RHB Stephen Wilson 0-0: Ball
1-0: Ball
2-0: Called Strike
2-1: Foul Ball, location: 2F
2-2: Strikes out swinging
Batting: RHB Carlos García 0-0: Ball
1-0: Called Strike
1-1: Ball
2-1: Foul Ball, location: 2F
2-2: Ball
3-2: Fly out, F9 (Flyball, 9S)
Batting: RHB Jake Reeves 0-0: Called Strike
0-1: Called Strike
0-2: Ball
1-2: Strikes out swinging
Top of the 4th over - 0 runs, 0 hits, 0 errors, 0 left on base; Vista 0 - Seattle 2
BOTTOM OF THE 4TH
Seattle Pikes batting - Pitching for Vista Panthers : LHP Don Sutherland
Batting: RHB Robinson Pacheco 0-0: Foul Ball, location: 2F
0-1: Fly out, F7 (Line Drive, 7LD)
Batting: RHB António López 0-0: Swinging Strike
0-1: Ball
1-1: Ball
2-1: Ball
3-1: Ground out 5-3 (Groundball, 56)
Batting: RHB Pete Rideout 0-0: Called Strike
0-1: Ball
1-1: Ground out 6-3 (Groundball, 6)
Bottom of the 4th over - 0 runs, 0 hits, 0 errors, 0 left on base; Vista 0 - Seattle 2
TOP OF THE 5TH
Vista Panthers batting - Pitching for Seattle Pikes : LHP David Hill
Batting: RHB Phil Matthews 0-0: Ball
1-0: Ball
2-0: Called Strike
2-1: Fly out, F7 (Line Drive, 7)
Batting: RHB Johnny Williams 0-0: Ball
1-0: Fly out, F7 (Flyball, 7LSF)
Batting: SHB Juan Castro 0-0: Ball
1-0: Ball
2-0: Ball
3-0: Base on Balls
Batting: LHB Francisco Marino 0-0: Foul Ball, location: 2F
0-1: Ball
1-1: Fielders Choice at 2nd, U6 (Groundball, 6M)
Top of the 5th over - 0 runs, 0 hits, 0 errors, 1 left on base; Vista 0 - Seattle 2
BOTTOM OF THE 5TH
Seattle Pikes batting - Pitching for Vista Panthers : LHP Don Sutherland
Batting: RHB Randy Sheppard 0-0: Ball
1-0: Ball
2-0: Ball
3-0: Called Strike
3-1: Base on Balls
Batting: RHB Wallace Greene 0-0: Ball
Wild Pitch!
Randy Sheppard to second
1-0: Intentional Walk
Batting: SHB Nate Rhodes 0-0: Fly out, F7 (Flyball, 7D)
Batting: RHB Iván Gonzáles 0-0: Ball
1-0: Ball
2-0: Called Strike
2-1: Ground out 5-3 (Groundball, 56S)
Randy Sheppard to third
Wallace Greene to second
Batting: LHB Roberto Lozano 0-0: Ball
1-0: Fly out, F8 (Flyball, 78M)
Bottom of the 5th over - 0 runs, 0 hits, 0 errors, 2 left on base; Vista 0 - Seattle 2
TOP OF THE 6TH
Vista Panthers batting - Pitching for Seattle Pikes : LHP David Hill
Batting: LHB Ramiro Martínez 0-0: Fly out, F9 (Flyball, 9S)
Batting: RHB Cisco Gatán 0-0: Ball
1-0: Ground out 6-3 (Groundball, 56)
Now at SS: Gary Kern
Batting: RHB Stephen Wilson 0-0: Ball
1-0: Swinging Strike
1-1: Swinging Strike
1-2: Strikes out swinging
Top of the 6th over - 0 runs, 0 hits, 0 errors, 0 left on base; Vista 0 - Seattle 2
BOTTOM OF THE 6TH
Seattle Pikes batting - Pitching for Vista Panthers : LHP Don Sutherland
Batting: SHB António Hernández 0-0: Called Strike
0-1: Ball
1-1: Ball
2-1: Bunted foul
2-2: Fly out, F6 (Popup, 6M)
Batting: RHB Robinson Pacheco 0-0: Ball
1-0: Swinging Strike
1-1: Ball
2-1: Ball
3-1: Base on Balls
Batting: LHB Gary Kern 0-0: Ball
1-0: Ball
2-0: Ball
3-0: SINGLE (Groundball, 34S) (infield hit)
Robinson Pacheco to second
Pitching: RHP Joe Shoemaker
Batting: RHB Pete Rideout 0-0: Called Strike
0-1: Ball
1-1: Fielders Choice at 2nd, 6-4 (Groundball, 6)
Robinson Pacheco to third
Batting: RHB Randy Sheppard 0-0: SINGLE (Groundball, 56D)
Robinson Pacheco scores
Pete Rideout to second
Batting: RHB Wallace Greene 0-0: Called Strike
0-1: Ground out 5-3 (Groundball, 56S)
Bottom of the 6th over - 1 run, 2 hits, 0 errors, 2 left on base; Vista 0 - Seattle 3
TOP OF THE 7TH
Vista Panthers batting - Pitching for Seattle Pikes : LHP David Hill
Batting: RHB Carlos García 0-0: Ground out 5-3 (Groundball, 56S)
Batting: RHB Jake Reeves 0-0: Called Strike
0-1: Foul Ball, location: 2F
0-2: Ball
1-2: Fly out, F5 (Line Drive, 5S)
Batting: RHB Phil Matthews 0-0: Called Strike
0-1: Swinging Strike
0-2: Ball
1-2: Foul Ball, location: 2F
1-2: Foul Ball, location: 2F
1-2: SINGLE (Line Drive, 6MD)
Batting: RHB Johnny Williams 0-0: Called Strike
0-1: Ball
1-1: Called Strike
1-2: Foul Ball, location: 2F
1-2: Fly out, F7 (Line Drive, 7)
Top of the 7th over - 0 runs, 1 hit, 0 errors, 1 left on base; Vista 0 - Seattle 3
BOTTOM OF THE 7TH
Seattle Pikes batting - Pitching for Vista Panthers : RHP Joe Shoemaker
Batting: SHB Nate Rhodes 0-0: Called Strike
0-1: Ball
1-1: Ground out 4-3 (Groundball, 4)
Batting: RHB Iván Gonzáles 0-0: Called Strike
0-1: SINGLE (Line Drive, 89S)
Pitching: LHP António Martínez
Batting: LHB Roberto Lozano 0-0: Foul Ball, location: 2F
0-1: Fielders Choice at 2nd, 6-4 (Groundball, 6)
Pitching: RHP Dave Riley
Batting: SHB António Hernández 0-0: Called Strike
Roberto Lozano steals 2nd base
0-1: Swinging Strike
0-2: Fly out, F9 (Line Drive, 9)
Bottom of the 7th over - 0 runs, 1 hit, 0 errors, 1 left on base; Vista 0 - Seattle 3
TOP OF THE 8TH
Vista Panthers batting - Pitching for Seattle Pikes : LHP David Hill
Batting: SHB Juan Castro 0-0: Fly out, F8 (Flyball, 8LXD)
Batting: LHB Francisco Marino 0-0: Called Strike
0-1: Ball
1-1: Swinging Strike
1-2: Ball
2-2: Strikes out swinging
Batting: LHB Ramiro Martínez 0-0: Fly out, F8 (Flyball, 8LM)
Top of the 8th over - 0 runs, 0 hits, 0 errors, 0 left on base; Vista 0 - Seattle 3
BOTTOM OF THE 8TH
Seattle Pikes batting - Pitching for Vista Panthers : RHP Dave Riley
Batting: RHB Robinson Pacheco 0-0: Swinging Strike
0-1: Called Strike
0-2: Strikes out swinging
Batting: LHB Gary Kern 0-0: Ball
1-0: Called Strike
1-1: Foul Ball, location: 2F
1-2: Strikes out looking
Batting: RHB Pete Rideout 0-0: Ball
1-0: Ground out 5-3 (Groundball, 56S)
Bottom of the 8th over - 0 runs, 0 hits, 0 errors, 0 left on base; Vista 0 - Seattle 3
TOP OF THE 9TH
Vista Panthers batting - Pitching for Seattle Pikes : LHP David Hill
Pitching: LHP Cristián Escobar
Batting: RHB Cisco Gatán 0-0: Swinging Strike
0-1: Called Strike
0-2: Ball
1-2: Ball
2-2: DOUBLE (Flyball, 8LD)
Batting: RHB Stephen Wilson 0-0: Foul Ball, location: 2F
0-1: Ball
1-1: SINGLE (Groundball, 56D)
Cisco Gatán to third
Batting: RHB Carlos García 0-0: Ball
1-0: Swinging Strike
1-1: Foul Ball, location: 2F
1-2: Foul Ball, location: 2F
1-2: Ball
2-2: Ground out 5-3 (Groundball, 56S)
Cisco Gatán scores
Stephen Wilson to second
Batting: RHB Jake Reeves 0-0: Ball
1-0: Ball
2-0: Called Strike
2-1: Ball
3-1: Base on Balls
Pinch Runner at 2nd Francisco Medina:
Batting: RHB Phil Matthews 0-0: Swinging Strike
0-1: Foul Ball, location: 2F
0-2: Foul Ball, location: 2F
0-2: Foul Ball, location: 2F
0-2: Ball
1-2: Ball
2-2: Foul Ball, location: 2F
2-2: Grounds into double play, 6-4-3 (Groundball, 6)
Top of the 9th over - 1 run, 2 hits, 0 errors, 1 left on base; Vista 1 - Seattle 3
Saturday, December 16th, 2017 - OOTP Baseball 18.8 Build 76